 Dungeon Crawl Stone Soup version 0.23-a0-422-g30b1108 (webtiles) character file.

126 Inarius the Skirmisher (level 5, 0/46 HPs)
             Began as a Ghoul Fighter on Nov 14, 2018.
             Slain by a gnoll
             ... wielding a +0 halberd
              (6 damage)
             ... on level 3 of the Dungeon.
             The game lasted 00:02:35 (1421 turns).

Inarius the Skirmisher (Ghoul Fighter)              Turns: 1421, Time: 00:02:37

Health: 0/46       AC:  9    Str: 20    XL:     5   Next: 9%
Magic:  4/4        EV:  5    Int:  4    God:
Gold:   158        SH:  8    Dex:  8    Spells: 4/4 levels left

rFire    . . .     SeeInvis +   a - +0 war axe
rCold    + . .     Gourm    .   c - +0 shield
rNeg     + + +     Faith    .   k - +0 chain mail
rPois    ∞         Spirit   .   (no helmet)
rElec    .         Reflect  .   (no cloak)
rCorr    .         Harm     .   (no gloves)
MR       .....                  (no boots)
Stlth    ..........             (no amulet)
HPRegen  0.00/turn              j - ring of see invisible
MPRegen  0.09/turn              (no ring)

@: rotting
A: rotting body, claws 1, carnivore, cold resistance 1, negative energy
resistance 3, inhibited regeneration, torment resistance, unbreathing
a: no special abilities


You were on level 3 of the Dungeon.
You were not hungry.

You visited 1 branch of the dungeon, and saw 3 of its levels.

You collected 158 gold pieces.

Inventory:

Hand Weapons
 a - a +0 war axe (weapon)
 d - a +1 long sword of electrocution
 m - a +0 dagger of speed
Missiles
 i - 12 tomahawks (quivered)
Armour
 c - a +0 shield (worn)
 k - a +0 chain mail (worn)
Jewellery
 j - a ring of see invisible (left claw)
Scrolls
 b - a scroll of amnesia {unknown}
 l - a scroll of magic mapping {unknown}
 n - 5 scrolls of identify {unknown}
 o - 2 scrolls of remove curse {unknown}
 p - a scroll of enchant weapon {unknown}
 q - a scroll of teleportation {unknown}
Potions
 e - a potion of mutation {unknown}
 h - 2 potions of curing {unknown}
Comestibles
 f - 5 rations
 g - 2 chunks of flesh


   Skills:
 + Level 3.7 Fighting
 * Level 3.6 Axes
 + Level 3.2 Armour
 + Level 3.1 Shields


You had 4 spell levels left.
You didn't know any spells.
Your spell library was empty.

Dungeon Overview and Level Annotations

Branches:
Dungeon (3/15)

Altars:
Xom


Innate Abilities, Weirdness & Mutations

Your body is rotting away.
You thrive on raw meat.
You are immune to poison.
You have sharp fingernails.
You are carnivorous and can eat meat at any time.
Your flesh is cold resistant. (rC+)
You are immune to negative energy. (rN+++)
You do not regenerate when monsters are visible.
You are immune to unholy pain and torment.
You can survive without breathing.


Message History

Throwing (i - inventory)
i - 13 tomahawks (quivered)
Press: ? - help, Shift-Dir - straight line, f - gnoll
Aim: a gnoll, wielding a +0 club (moderately wounded)
You throw a tomahawk. The tomahawk hits the gnoll.
The gnoll is heavily wounded.
The gnoll barely misses you.
You hit the gnoll.
You kill the gnoll!
The gnoll barely misses you.
You are too injured to fight recklessly!
You are too injured to fight recklessly!
You are too injured to fight recklessly!
You hit the gnoll.
The gnoll is lightly wounded.
The gnoll hits you with a +0 halberd. The gnoll hits you with a +0 halberd!
* * * LOW HITPOINT WARNING * * *
You hit the gnoll.
The gnoll is heavily wounded.
The gnoll hits you with a +0 halberd.
You die...

.(.....(..........
#########...........
.......)............
#######.............
#..............
####..............
#................
#####.##............
#....@.............
#.####g####.......
##g)...##......
#.......#.....
#(......# ....
#...).._......
#..#...(...#..
#..#.......#.#. #.
##.....## .


You could see a gnoll.

Vanquished Creatures
  An orc wizard (D:2)
  An adder (D:3)
  2 gnolls (D:3)
  An ooze (D:2)
  A worm (D:2)
  2 dart slugs
  A leopard gecko (D:2)
  4 orcs (D:2)
  4 bats
  9 goblins
  4 hobgoblins
  8 jackals
  A quokka (D:2)
  5 frilled lizards
  3 kobolds (D:1)
  8 rats
55 creatures vanquished.

Notes
Turn   | Place    | Note
-------+----------+-------------------------------------------
     0 | D:1      | Inarius the Ghoul Fighter began the quest for the Orb.
     0 | D:1      | Reached XP level 1. HP: 19/19 MP: 0/0
   172 | D:1      | Reached XP level 2. HP: 26/26 MP: 1/1
   744 | D:2      | Reached XP level 3. HP: 27/31 MP: 2/2
  1100 | D:2      | Reached XP level 4. HP: 29/40 MP: 3/3
  1401 | D:3      | Found a shimmering altar of Xom.
  1411 | D:3      | Reached XP level 5. HP: 30/46 MP: 4/4
  1421 | D:3      | Slain by a gnoll

Vault maps used:
D:1:      onia_arrival_mini_maze_b
D:3:      old_standard_altar, lemuel_doored_altar, first_ration

Skill      XL: |  1  2  3  4 |
---------------+-------------+-----
Axes           | 2 3 |  3.6
Armour         | 3 |  3.2
Shields        | 3 |  3.1
Fighting       | |  3.7

Action                   |  1- 3 |  4- 6 || total
-------------------------+-------+-------++-------
Melee: War axe           |    96 |    33 ||   129
Throw: Tomahawk          |       |     1 ||     1
  Use: Potion            |     1 |       ||     1
  Eat: Chunk             |    18 |     6 ||    24
Armor: Scale mail        |    15 |       ||    15
       Chain mail        |    51 |    22 ||    73
Dodge: Dodged            |    36 |    12 ||    48
Block: Shield            |    54 |    22 ||    76

Table legend:
 A = Non-vault XP
 B = Vault XP
 C = Vault XP percentage of total XP
 D = Non-vault monster count
 E = Vault monster count
 F = Vault count percentage of total count
                 A         B        C        D         E       F
            +---------+---------+-------+---------+---------+-------
      Total |     180 |       0 |   0.0 |      55 |       0 |   0.0
            +---------+---------+-------+---------+---------+-------
        D:1 |      31 |       0 |   0.0 |      19 |       0 |   0.0
        D:2 |      99 |       0 |   0.0 |      30 |       0 |   0.0
        D:3 |      50 |       0 |   0.0 |       6 |       0 |   0.0
            +---------+---------+-------+---------+---------+-------
